 Dungeon Crawl Stone Soup version 0.17-a0-2007-g96ac4c4 (webtiles) character file.

6857 Ordine the Fighter (level 11, -7/86 HPs)
             Began as an Octopode Fighter on Oct 9, 2015.
             Was an Elder of Dithmenos.
             Mangled by Banto's ghost (19 damage)
             ... on level 10 of the Dungeon.
             The game lasted 00:41:14 (12059 turns).

Ordine the Fighter (Octopode Fighter)              Turns: 12059, Time: 00:41:14

Health: -7/86      AC:  5    Str: 21      XL:     11   Next: 6%
Magic:  20/20      EV:  5    Int:  7 (8)  God:    Dithmenos [****..]
Gold:   542        SH:  9    Dex: 12 (14) Spells: 0 memorised, 10 levels left

rFire  + + .     SeeInvis .     a - +1 long sword
rCold  . . .     Clarity  .     b - +0 shield
rNeg   . . .     SustAt   .     (helmet restricted)
rPois  .         Gourm    .     y - amulet of resist mutation
rElec  .         Spirit   .     o - ring of wizardry
rCorr  .         Warding  .     A - ring of magical power
rMut   +         Stasis   .     l - ring of protection from fire
MR     +....                    N - ring of protection from magic
Stlth  +++.......               (no ring)
                                (no ring)
                                (no ring)
                                (no ring)

@: mighty, wreathed by umbra, somewhat resistant to hostile enchantments, fairly
stealthy
A: almost no armour, amphibious, 8 rings, constrict 8, tentacle spike 1, rough
black scales 1, camouflage 1, deterioration 1, dopey 1, fire resistance 1,
gelatinous body 1
a: Shadow Step, Renounce Religion


You were on level 10 of the Dungeon.
You worshipped Dithmenos.
Dithmenos was greatly pleased with you.
You were hungry.

You visited 2 branches of the dungeon, and saw 11 of its levels.
You also visited: Ossuary.

You collected 542 gold pieces.

Inventory:

Hand Weapons
 a - a +1 long sword (weapon)
 i - a +0 blowgun
 s - the +0 short sword of Modesty {pierce, +Blink rF+ Str+4}
   (You found it on level 5 of the Dungeon)

   It inflicts extra damage upon your enemies.
   It affects your strength (+4).
   It protects you from fire.
   It lets you blink.
Missiles
 g - 57 poisoned needles
 p - 15 tomahawks (quivered)
 x - 4 throwing nets
 O - 7 needles of sleeping
Armour
 b - a +0 shield (worn)
Jewellery
 l - a ring of protection from fire (on tentacle)
 o - a ring of wizardry (left tentacle)
 y - an amulet of resist mutation (around mantle)
 A - a ring of magical power (right tentacle)
 N - a ring of protection from magic (on tentacle)
Wands
 v - a wand of cold (4)
 E - a wand of paralysis (0)
Scrolls
 f - 5 scrolls of magic mapping
 t - 3 scrolls of amnesia
 u - 9 scrolls of remove curse
 w - a scroll of teleportation
 B - 2 scrolls of enchant weapon
 C - 2 scrolls of recharging
 G - a scroll of silence
 H - a scroll of blinking
Potions
 c - 2 potions of might
 e - 4 potions of flight
 h - 2 potions of lignification
 j - a potion of berserk rage
 q - 6 potions of heal wounds
 r - a potion of curing {unknown}
 z - a potion of cure mutation {unknown}
 F - 2 potions of degeneration {unknown}
 I - a potion of agility {unknown}
 K - 2 potions of cancellation
 L - a potion of resistance {unknown}
Miscellaneous
 J - a lantern of shadows
Comestibles
 d - 3 bread rations
 k - 7 meat rations
 m - 3 slices of pizza
 n - a beef jerky
 D - 8 fruits


   Skills:
 + Level 12.4 Fighting
 + Level 12.2 Long Blades
 - Level 3.0 Dodging
 - Level 3.0 Shields


You had 10 spell levels left.
You didn't know any spells.

Dungeon Overview and Level Annotations

Branches:
Dungeon (10/15)            Temple (1/1) D:4
   Lair: D:8-11         Orc: D:9-12

Altars:
Ashenzari
Cheibriados
Dithmenos
Elyvilon
Fedhas
Gozag
Kikubaaqudgha
Makhleb
Nemelex Xobeh
Okawaru
Qazlal
Ru
Sif Muna
Trog
Vehumet
Xom
Yredelemnul
Zin
The Shining One

Shops:
D:6 %

Annotations:
D:10 Banto's ghost, journeyman TrCK


Innate Abilities, Weirdness & Mutations

You cannot wear most types of armour.
You are amphibious.
You can wear up to eight rings at the same time.
You can use your tentacles to constrict eight enemies at once.
Your skin changes colour to match your surroundings (Stealth).
Your rubbery body absorbs attacks (AC +1).
One of your tentacles bears a spike.
You are partially covered in rough black scales (AC +4, Dex -1).
Your body sometimes deteriorates upon taking damage.
You are dopey. (Int -2)
Your flesh is heat resistant.


Message History

You squeeze Banto's ghost, but do no damage.
Banto's ghost is lightly damaged.
Your shadow hits Banto's ghost but does no damage.
Banto's ghost hits you!
You hit Banto's ghost.
Banto's ghost is lightly damaged.
You block Banto's ghost's attack.
You hit Banto's ghost.
You pierce Banto's ghost, but do no damage.
You squeeze Banto's ghost.
Banto's ghost is lightly damaged.
Banto's ghost hits you!
Your body deteriorates!
You feel clumsy.
You slash Banto's ghost!
You squeeze Banto's ghost, but do no damage.
Banto's ghost is lightly damaged.
Banto's ghost hits you!!
* * * LOW HITPOINT WARNING * * *
Banto's ghost hits you!!
You die...

#.###........... #.
#.##........(...
#..#.##..........(.
#..#.##.#.##.......
#####..#.#.............
#......#.#.....#.......
#............#.#.......
#........##..#.###..###
#........@...........
#........W......... .
#.......#.##.....#.
#######'#.#.###..#...
#.........#.. ......
#.###.....#### #.###.
#.#.'.....# ..
#.###.....# ##
##.###.....#


You could see Banto's ghost.

Vanquished Creatures
  Pikel (D:9)
  A hill giant (D:9)
  A troll (D:10)
  A two-headed ogre (D:9)
  The ghost of aves the Chopper, an amateur VSFi of Okawaru (D:4)
  A deep elf mage (D:9)
  A hippogriff (D:7)
  Eustachio (D:6)
  A hungry ghost (D:7)
  A wyvern (D:9)
  2 water moccasins
  4 sky beasts
  An ice beast (D:5)
  2 orc warriors
  4 phantoms
  A black bear (D:6)
  3 centaurs
  5 ogres
  4 giant frogs
  3 water moccasin zombies (Ossuary)
  3 scorpions
  5 killer bees
  10 wights (D:6)
  A centaur zombie (D:9)
  3 centaur skeletons
  4 giant frog skeletons
  A quasit (D:8)
  3 crimson imps
  4 hounds
  An orc priest (D:7)
  A gnoll shaman (D:9)
  5 iguanas
  4 orc wizards
  Natasha (thrice) (D:4)
  12 worker ants
  A killer bee zombie (D:7)
  A big kobold zombie (Ossuary)
  A hound zombie (D:6)
  2 mummies (Ossuary)
  6 adders
  14 gnolls
  3 river rats (D:7)
  A worker ant zombie (D:9)
  A shadow imp (D:5)
  2 oozes
  2 adder zombies
  3 giant geckos
  21 orcs
  10 bats
  4 giant cockroaches
  4 gnoll zombies (Ossuary)
  6 goblins
  10 hobgoblins
  6 jackals
  9 kobolds
  A quokka (D:5)
  4 ball pythons
  4 giant newts
  5 hobgoblin zombies (Ossuary)
  2 kobold zombies (Ossuary)
  4 orc zombies (Ossuary)
  A quokka skeleton (D:4)
  8 rats
  A plant (D:7)
236 creatures vanquished.

Vanquished Creatures (others)
  3 slaves (D:9)
3 creatures vanquished.

Grand Total: 239 creatures vanquished

Notes
Turn   | Place    | Note
--------------------------------------------------------------
     0 | D:1      | Ordine the Octopode Fighter began the quest for the Orb.
     0 | D:1      | Reached XP level 1. HP: 16/16 MP: 1/1
   333 | D:1      | Reached XP level 2. HP: 17/21 MP: 2/2
   970 | D:2      | Reached XP level 3. HP: 26/26 MP: 3/3
  1556 | D:2      | Reached XP level 4. HP: 31/33 MP: 4/4
  1926 | D:3      | Found a faded altar to an unknown god.
  1934 | D:3      | Reached skill level 9 in Fighting
  1934 | D:3      | Reached XP level 5. HP: 37/46 MP: 5/5
  2075 | D:3      | Found a glowing golden altar of the Shining One.
  2743 | D:4      | Noticed an ogre
  2770 | D:4      | Killed an ogre
  2814 | D:4      | Reached XP level 6. HP: 44/52 MP: 6/6
  2897 | D:4      | Noticed Natasha
  2903 | D:4      | Killed Natasha
  2995 | D:4      | Noticed aves's ghost (amateur VSFi)
  3002 | D:4      | Killed aves's ghost
  3153 | D:4      | Noticed a phantom
  3164 | D:4      | Reached XP level 7. HP: 53/57 MP: 7/7
  3187 | D:4      | Killed a phantom
  3247 | D:4      | Noticed Natasha
  3258 | D:4      | Killed Natasha
  3343 | D:4      | Got an ancient whip
  3344 | D:4      | Identified the +6 whip "Jisian" {flame, rF- Str+3 Int+4 Dex+2} (You found it on level 4 of the Dungeon)
  3417 | D:4      | Found a staircase to the Ecumenical Temple.
  3456 | D:4      | Noticed Natasha
  3529 | D:4      | Killed Natasha
  3553 | Temple   | Entered the Ecumenical Temple
  3608 | Temple   | Became a worshipper of Dithmenos the Shadowed
  3860 | D:4      | Found a burning altar of Makhleb.
  3968 | D:5      | Entered Level 5 of the Dungeon
  4051 | D:5      | Reached XP level 8. HP: 29/64 MP: 8/8
  4639 | D:5      | Got an encrusted short sword
  4640 | D:5      | Identified the cursed +0 short sword of Modesty {pierce, +Blink rF+ Str+4} (You found it on level 5 of the Dungeon)
  4687 | D:5      | Reached skill level 10 in Fighting
  5102 | D:5      | Reached skill level 10 in Long Blades
  5238 | D:5      | Gained mutation: One of your tentacles bears a spike. [mutagenic meat]
  5239 | D:5      | Gained mutation: Your flesh is heat resistant. [mutagenic meat]
  5240 | D:5      | Gained mutation: Your body sometimes deteriorates upon taking damage. [mutagenic meat]
  5241 | D:5      | Gained mutation: You are partially covered in rough black scales (AC +4, Dex -1). [mutagenic meat]
  5242 | D:5      | Gained mutation: You are dopey. (Int -2) [mutagenic meat]
  5417 | D:5      | Found a sacrificial altar of Ru.
  5494 | D:5      | You fall through a shaft!
  5679 | D:6      | Found Pacusax's Food Shoppe.
  6049 | D:6      | Noticed Eustachio
  6060 | D:6      | Killed Eustachio
  6060 | D:6      | Reached XP level 9. HP: 71/71 MP: 9/9
  7154 | D:7      | Acquired Dithmenos's first power
  7232 | D:7      | Found a sand-covered staircase.
  7245 | D:7      | Reached skill level 11 in Fighting
  7522 | D:7      | Found a blossoming altar of Fedhas.
  7580 | Ossuary  | Entered an ossuary
  7637 | Ossuary  | Reached XP level 10. HP: 61/79 MP: 10/10
  8551 | D:7      | Acquired Dithmenos's second power
  9137 | D:7      | Found a glowing silver altar of Zin.
  9142 | D:7      | Found an ancient bone altar of Kikubaaqudgha.
  9147 | D:7      | Found a deep blue altar of Sif Muna.
 10157 | D:9      | Noticed Pikel
 10164 | D:9      | Killed Pikel
 10164 | D:9      | Reached skill level 12 in Fighting
 10786 | D:9      | Acquired Dithmenos's third power
 10965 | D:10     | Entered Level 10 of the Dungeon
 11136 | D:10     | Noticed a hill giant
 11136 | D:10     | Noticed Banto's ghost (journeyman TrCK)
 11602 | D:9      | Killed a hill giant
 11602 | D:9      | Reached XP level 11. HP: 48/86 MP: 11/11
 12059 | D:10     | Mangled by Banto's ghost

Vault maps used:
D:1:      dpeg_arrival_boxes_within_box
D:2:      minmay_kobold_bridge, minmay_misc_feat_alley
D:3:      lemuel_crystal_altar, first_bread, ecumenical_altar_1
D:4:      makhleb_blood_cavern_becter, minmay_temple_entry_butterflies,
          minmay_misc_feat_cross, uniq_natasha
D:5:      nicolae_ru_great_annihilating_truth
D:6:      serial_shops, shop, uniq_eustachio
D:7:      wad_woods_settlement, fedhas_altar_fruit_tree,
          minmay_overflow_temple_star_quad, nicolae_ossuary_entry_monument,
          serial_glass, glass_columns_b, glass_columns_b
D:9:      uniq_pikel
D:10:     orc_0_dummy, serial_shops, nicolae_shop_overgrown_old_shop,
          grunt_tengu_nest
Temple:   triangle_lava_temple_12
Ossuary:  ossuary_tomb_2

Action                   |  1- 3 |  4- 6 |  7- 9 | 10-12 || total
-------------------------+-------+-------+-------+-------++-------
Melee: Long sword        |    57 |    40 |   324 |   239 ||   660
       Short sword       |       |       |     1 |       ||     1
 Fire: Blowgun           |       |     4 |     4 |    10 ||    18
Throw: Tomahawk          |       |       |     7 |       ||     7
Evoke: Wand              |       |       |       |     2 ||     2
  Use: Scroll            |       |     6 |     7 |     9 ||    22
       Potion            |       |     2 |       |     3 ||     5
 Stab: Sleeping          |     3 |     5 |    10 |    11 ||    29
       Paralysed         |       |       |       |     6 ||     6
  Eat: Chunk             |     2 |     5 |    18 |    11 ||    36
       Beef jerky        |       |       |     1 |     2 ||     3
